 Dungeon Crawl Stone Soup version 0.28-a0-662-g1651b1f1e0 (webtiles) character file.

Game seed: 3114863843817049326

36 karkarkar the Skirmisher (level 3, -1/34 HPs)
             Began as a Minotaur Fighter on Oct 14, 2021.
             Slain by an adder (4 damage)
             ... on level 2 of the Dungeon.
             The game lasted 00:02:22 (1043 turns).

karkarkar the Skirmisher (Minotaur Fighter)         Turns: 1043, Time: 00:02:22

Health: -1/34      AC: 10    Str: 21    XL:     3   Next: 19%
Magic:  2/2        EV:  9    Int:  5    God:
Gold:   82         SH:  4    Dex:  9    Spells: 2/2 levels left

rFire   . . .      SeeInvis .   a - +0 war axe
rCold   . . .      Faith    .   c - +0 buckler
rNeg    . . .      Spirit   .   b - +0 scale mail
rPois   .          Reflect  .   (helmet restricted)
rElec   .          Harm     .   (no cloak)
rCorr   .          Rampage  .   (no gloves)
Will    .....                   (no boots)
Stlth   ..........              (no amulet)
HPRegen 0.11/turn               g - +4 ring of protection
MPRegen 0.08/turn               (no ring)

@: lethally poisoned (-1 -> -2)
A: horns 2, retaliatory headbutt
a: no special abilities


You were on level 2 of the Dungeon.
You visited 1 branch of the dungeon, and saw 2 of its levels.

You collected 82 gold pieces.

Inventory:

Hand Weapons
 a - a +0 war axe (weapon)
Armour
 b - a +0 scale mail (worn)
 c - a +0 buckler (worn)
Jewellery
 g - a +4 ring of protection (left hand)
Scrolls
 e - 2 scrolls of identify {unknown}
 f - a scroll of teleportation {unknown}
Potions
 d - a potion of might
 h - a potion of cancellation {unknown}
 i - a potion of lignification {unknown}
 j - a potion of attraction {unknown}


   Skills:
 + Level 4.3 Fighting
 * Level 3.4 Axes
 - Level 3.6 Armour
 + Level 0.1 Dodging
 - Level 4.0 Shields


You had 2 spell levels left.
You didn't know any spells.
Your spell library contained the following spells:

 Spells                   Type           Power      Damage    Failure   Level
 Freeze                   Ice            0%         1d3       82%         1
 Frozen Ramparts          Ice            0%         1d2       99%         3
 Hailstorm                Conj/Ice       0%         3d3       100%        4


Dungeon Overview and Level Annotations

Branches:
Dungeon (2/15)

Altars:


Innate Abilities, Weirdness & Mutations

You have a pair of horns on your head.
You reflexively headbutt those who attack you in melee.


Message History

The adder bites you but does no damage.
You barely miss the adder. You hit the goblin.
You feel sick. The adder bites you.
You are more poisoned.
The adder poisons you! The goblin hits you but does no damage.
You hit the goblin.
You kill the goblin!
You barely miss the adder.
You feel sick. The adder closely misses you. You furiously retaliate!
You headbutt the adder. You block the adder's attack.
You miss the adder. Your headbutt misses the adder.
The adder is heavily wounded.
You hit the hobgoblin.
You feel sick. The adder bites you.
You are more poisoned.
The adder poisons you! The hobgoblin closely misses you.
You furiously retaliate!
You headbutt the hobgoblin!
You kill the hobgoblin!
The adder closely misses you. The kobold hits you but does no damage.
You feel very sick. The adder bites you but does no damage.
The kobold barely misses you.
You closely miss the adder.
The adder is heavily wounded.
You hit the kobold.
You kill the kobold!
You feel sick. You block the adder's attack. The adder bites you.
You barely miss the adder. Your headbutt misses the adder.
The adder is heavily wounded.
You feel sick. The adder bites you but does no damage. The adder bites you.
* * * LOW HITPOINT WARNING * * *
You hit the adder. Your headbutt misses the adder.
The adder is almost dead.
* * * LOW HITPOINT WARNING * * *
You feel sick. You block the adder's attack.
The adder bites you but does no damage.
You completely miss the adder.
The adder is severely wounded.
You feel sick. You block the adder's attack.
You closely miss the adder.
The adder is severely wounded.
You feel sick. The adder bites you.
You die...

..# ## #.# #(#### #.# #
#.PP#### #.# ..
##...##.######.#####...
.P.P...#...............
...P...#....)..........
....PP.#..#####.)###.###
PP..P...#.##..)S@.......
........#.##.##.....#...
.P......#.## #...#.#
......PP#.# #..## $.
###_#####.# ##.. ##
........# ##. ........#
.. ).P.....# ..
...P.PPP#


You could see an adder.

Vanquished Creatures
  2 ball pythons
  An endoplasm (D:1)
  2 giant cockroaches (D:1)
  8 goblins
  2 hobgoblins
  2 jackals (D:1)
  6 kobolds
  A quokka (D:1)
  3 bats
  2 frilled lizards (D:1)
  3 rats
32 creatures vanquished.

Vanquished Creatures (others)
  2 demonic plants (D:2)
  10 plants
  A withered plant (D:2)
13 creatures vanquished.

Grand Total: 45 creatures vanquished

Notes
Turn   | Place    | Note
-------+----------+-------------------------------------------
     0 | D:1      | karkarkar the Minotaur Fighter began the quest for the Orb.
     0 | D:1      | Reached XP level 1. HP: 19/19 MP: 0/0
   259 | D:1      | Reached XP level 2. HP: 27/27 MP: 1/1
   946 | D:2      | Reached XP level 3. HP: 33/33 MP: 2/2
   957 | D:2      | Found a faded altar of an unknown god.
  1043 | D:2      | Slain by an adder

Illustrated notes

Levels and vault maps discovered:
D:1:      roderic_crop_circles_arrival_small, layout_loops_corners
D:2:      layout_basic, serial_shops, nicolae_shop_waterfront,
          shapermc_ecumenical_altar_gd, grunt_ministairs_13,
          grunt_decor_mini_mirrors, minmay_tromino_v4_a

Skill      XL: |  1  2 |
---------------+-------+-----
Fighting       | 4 |  4.3
Shields        | 4 |  4.0
Axes           | 3 |  3.4
Armour         | |  3.6
Dodging        | |  0.1

Action                   || total
-------------------------++-------
Melee: War axe           ||    63
       Headbutt          ||    10
Armor: Scale mail        ||    28
Dodge: Dodged            ||    25
Block: Buckler           ||    10

Table legend: (Time is in decaauts)
 A = Elapsed time spent in this place.
 B = Non-inter-level travel time spent in this place.
 C = Inter-level travel time spent in this place.
 D = Time resting spent in this place.
 E = Time spent auto-exploring this place.
 F = Levels seen in this place.
 G = Mean time per level.
                   A        B        C        D        E       F      G
               +--------+--------+--------+--------+--------+-----+--------+
         Total |   1063 |   1011 |     52 |      0 |    821 |   2 |  531.5 |
       Dungeon |   1063 |   1011 |     52 |      0 |    821 |   2 |  531.5 |
               +--------+--------+--------+--------+--------+-----+--------+

Top non-repeatable levels by time:
     D:1: 925 daAuts
     D:2: 138 daAuts
